 Dungeon Crawl Stone Soup version 0.21.1-1-g345015fe64 (webtiles) character file.

634 Mrkan the Grappler (level 7, -8/66 HPs)
             Began as a Troll Monk on May 6, 2018.
             Killed by divine providence
             ... invoked by an orc priest
              (13 damage)
             ... on level 4 of the Dungeon.
             The game lasted 00:08:58 (3367 turns).

Mrkan the Grappler (Troll Monk)                     Turns: 3367, Time: 00:08:58

Health: -8/66      AC:  7    Str: 18 (20) XL:     7   Next: 24%
Magic:  6/6        EV: 10    Int:  4 (6)  God:
Gold:   273        SH:  0    Dex: 11 (14) Spells: 6/6 levels left

rFire    . . .     SeeInvis .     - Unarmed
rCold    . . .     Gourm    +   (no shield)
rNeg     . . .     Faith    .   a - +1 robe
rPois    .         Spirit   .   (helmet restricted)
rElec    .         Reflect  .   e - +0 cloak
rCorr    .         Harm     .   (gloves unavailable)
MR       .....                  (boots unavailable)
Stlth    +.........             (no amulet)
HPRegen  0.61/turn              (no ring)
MPRegen  0.10/turn              (no ring)

@: no status effects
A: large, unfitting armour, claws 3, fast metabolism 3, gourmand, regeneration
1, shaggy fur 1, tough skin 2
a: no special abilities


You were on level 4 of the Dungeon.
You were very full.

You visited 1 branch of the dungeon, and saw 4 of its levels.
You also visited: Sewer.

You collected 273 gold pieces.

Inventory:

Armour
 a - a +1 robe (worn)
 e - a +0 cloak (worn)
 r - a cursed +0 robe
Jewellery
 n - a cursed -2 ring of protection {unknown}
Wands
 s - a wand of disintegration (4)
Scrolls
 c - 2 scrolls of teleportation
 d - 4 scrolls of amnesia
 g - a scroll of fog
 h - a scroll of fear
 i - 2 scrolls of remove curse
 k - 3 scrolls of identify
 l - a scroll of enchant armour
 q - a scroll of magic mapping
Potions
 j - a potion of curing {unknown}
 o - a potion of mutation {unknown}
 p - 2 potions of magic {unknown}
Comestibles
 b - 6 rations


   Skills:
 - Level 2.4 Fighting
 - Level 2.4 Dodging
 - Level 1.0 Stealth
 * Level 8.5 Unarmed Combat


You had 6 spell levels left.
You didn't know any spells.

Dungeon Overview and Level Annotations

Branches:
Dungeon (4/15)
 Temple: D:4-7

Altars:
Fedhas
Hepliaklqana
Kikubaaqudgha
Sif Muna


Innate Abilities, Weirdness & Mutations

You are too large for most types of armour.
You have claws for hands.
Your metabolism is lightning-fast.
You like to eat raw meat.
Your natural rate of healing is unusually fast.
You are covered in fur. (AC +1)
You have very tough skin. (AC +2)


Message History

* * * LOW HITPOINT WARNING * * *
The orc priest hits you with a trident!
* * * LOW HITPOINT WARNING * * *
You claw the orc priest!
You kill the orc priest!
The orc barely misses you.
The orc priest hits you but does no damage.
The orc hits you but does no damage. x2
The orc barely misses you.
The orc priest hits you with a short sword.
* * * LOW HITPOINT WARNING * * *
The orc hits you with a club.
* * * LOW HITPOINT WARNING * * *
Things that are here:
a trident; a leather armour; an orc corpse The orc priest looks braver for a moment.
The orc hits you but does no damage.
The orc priest invokes the aid of Beogh against you.
Beogh smites you!
You die...

##(......... ##
##............ ##.
#......#.........#..
#...##.).##...........
##..## #...#
#.......###
#..#####..†# ##...##
#.....#..o)##### .
#......o.oo.......
.####.@..........
#...###...... . #.....
...... . #............
. .........#...
.........##...
##........# ##....#..#


You could see an orc priest and 3 orcs.

Vanquished Creatures
  The ghost of Jannitor the Vexing, an amateur DsEn (D:4)
  A vampire bat (D:3)
  4 orc priests
  Crazy Yiuf (D:3)
  An orc wizard (D:3)
  A worker ant (D:4)
  2 adders
  8 gnolls
  3 river rats (Sewer)
  4 worms (D:3)
  2 leopard geckos
  6 orcs
  2 ball pythons
  7 bats
  2 bat skeletons (D:3)
  4 bat zombies (D:3)
  4 giant cockroaches
  4 goblins
  2 hobgoblins (D:1)
  6 jackals
  A quokka (D:2)
  12 frilled lizards
  2 kobolds
  14 rats
94 creatures vanquished.

Notes
Turn   | Place    | Note
-------+----------+-------------------------------------------
     0 | D:1      | Mrkan the Troll Monk began the quest for the Orb.
     0 | D:1      | Reached XP level 1. HP: 22/22 MP: 0/0
   359 | D:1      | Reached XP level 2. HP: 29/29 MP: 1/1
   844 | D:1      | You fall through a shaft!
   882 | D:2      | Reached skill level 4 in Unarmed Combat
   968 | D:2      | Reached XP level 3. HP: 36/36 MP: 2/2
  1225 | D:2      | Reached XP level 4. HP: 44/44 MP: 3/3
  1229 | D:2      | Reached skill level 5 in Unarmed Combat
  1571 | D:3      | Reached XP level 5. HP: 26/50 MP: 4/4
  1638 | D:3      | Reached skill level 6 in Unarmed Combat
  1722 | D:3      | Found a glowing drain.
  1800 | Sewer    | Entered a sewer
  2312 | D:3      | Reached XP level 6. HP: 57/59 MP: 5/5
  2359 | D:3      | Found a runed door.
  2408 | D:3      | Found a deep blue altar of Sif Muna.
  2485 | D:3      | Found an ancient bone altar of Kikubaaqudgha.
  2493 | D:3      | Reached skill level 7 in Unarmed Combat
  2578 | D:3      | Noticed Crazy Yiuf
  2589 | D:3      | Killed Crazy Yiuf
  2874 | D:4      | Found a blossoming altar of Fedhas.
  2994 | D:4      | Found a hazy altar of Hepliaklqana.
  3033 | D:4      | Noticed Jannitor's ghost (amateur DsEn)
  3042 | D:4      | Killed Jannitor's ghost
  3042 | D:4      | Reached skill level 8 in Unarmed Combat
  3042 | D:4      | Reached XP level 7. HP: 66/66 MP: 6/6
  3365 | D:4      | HP: 3/66 [orc/club (5)]
  3367 | D:4      | Killed from afar by an orc priest

Skill      XL: |  1  2  3  4  5  6 |
---------------+-------------------+-----
Unarmed Combat | 4 5 6 8 |  8.5
Fighting       | |  2.4
Dodging        | |  2.4
Stealth        | |  1.0

Action                   |  1- 3 |  4- 6 |  7- 9 || total
-------------------------+-------+-------+-------++-------
Melee: Unarmed           |    63 |   159 |    15 ||   237
       Punch             |     1 |     5 |       ||     6
  Use: Scroll            |       |     9 |       ||     9
       Potion            |       |     1 |     3 ||     4
 Stab: Sleeping          |     2 |     7 |       ||     9
  Eat: Chunk             |    17 |    17 |     1 ||    35
Armor: Robe              |    36 |    67 |    14 ||   117
Dodge: Dodged            |    53 |   104 |    19 ||   176
